MLB
ST. LOUIS CARDINALS @ SAN DIEGO PADRES
09/24/2023
 
TOP OF THE 1ST
St. Louis Cardinals batting - Pitching for San Diego Padres : RHP Freddy Peralta
Pitching: RHP Freddy Peralta
Batting: LHB Bryson Stott 0-0: Called Strike
0-1: Ball
1-1: Ball
2-1: Ball
3-1: Base on Balls
Batting: LHB TJ Friedl 0-0: Swinging Strike
0-1: Swinging Strike
0-2: Ball
1-2: Ball
2-2: Strikes out swinging
Batting: RHB Brandon Drury 0-0: Ball
1-0: Ball
2-0: Called Strike
2-1: Grounds into double play, 6-4-3 (Groundball, 6, EV 102.5 MPH)
Top of the 1st over - 0 runs, 0 hits, 0 errors, 0 left on base; St. Louis 0 - San Diego 0
BOTTOM OF THE 1ST
San Diego Padres batting - Pitching for St. Louis Cardinals : RHP Jake Woodford
Pitching: RHP Jake Woodford
Batting: LHB Luis Arraez 0-0: Called Strike
0-1: Ball
1-1: Fly out, F6 (Line Drive, 6M, EV 65.0 MPH)
Batting: RHB Anthony Rendon 0-0: Fly out, F7 (Flyball, 7, EV 88.8 MPH)
Batting: LHB Matt Carpenter 0-0: Ball
1-0: SOLO HOME RUN (Flyball, 89XD, EV 100.6 MPH), Distance : 406 ft
Batting: LHB Darick Hall 0-0: Called Strike
0-1: SINGLE (Groundball, 56S, EV 68.1 MPH) (infield hit)
Batting: RHB Nico Hoerner 0-0: Called Strike
0-1: Swinging Strike
0-2: Ball
1-2: SINGLE (Groundball, 34, EV 89.4 MPH) (infield hit)
Darick Hall to second
Batting: LHB Kolten Wong 0-0: Called Strike
0-1: Called Strike
0-2: Fly out, F7 (Flyball, 7D, EV 107.5 MPH)
Bottom of the 1st over - 1 run, 3 hits, 0 errors, 2 left on base; St. Louis 0 - San Diego 1
TOP OF THE 2ND
St. Louis Cardinals batting - Pitching for San Diego Padres : RHP Freddy Peralta
Batting: RHB Jeremy Pena 0-0: Ball
1-0: Ground out 4-3 (Groundball, 6MD, EV 94.4 MPH)
Batting: SHB Cole Tucker 0-0: Called Strike
0-1: SOLO HOME RUN (Flyball, 9D, EV 97.5 MPH), Distance : 381 ft
Batting: LHB Andrew Stevenson 0-0: Ball
1-0: Foul Ball, location: 2F
1-1: Ball
2-1: Foul Ball, location: 9LDF
2-2: Strikes out swinging
Batting: RHB Kevin Cron 0-0: Called Strike
0-1: Ball
1-1: Swinging Strike
1-2: Ball
2-2: Strikes out swinging
Top of the 2nd over - 1 run, 1 hit, 0 errors, 0 left on base; St. Louis 1 - San Diego 1
BOTTOM OF THE 2ND
San Diego Padres batting - Pitching for St. Louis Cardinals : RHP Jake Woodford
Batting: RHB Stuart Fairchild 0-0: Swinging Strike
0-1: Ball
1-1: Ground out U3 (Groundball, 23, EV 90.6 MPH)
Batting: RHB Harrison Bader 0-0: Ball
1-0: SINGLE (Flyball, 56D, EV 87.5 MPH)
Batting: SHB Tyler Heineman 0-0: Fly out, F9 (Line Drive, 9, EV 102.5 MPH)
Batting: LHB Luis Arraez 0-0: Ball
1-0: Ball
Harrison Bader steals 2nd base
2-0: Ground out U3 (Groundball, 13, EV 84.4 MPH)
Bottom of the 2nd over - 0 runs, 1 hit, 0 errors, 1 left on base; St. Louis 1 - San Diego 1
TOP OF THE 3RD
St. Louis Cardinals batting - Pitching for San Diego Padres : RHP Freddy Peralta
Batting: SHB Sergio Alcantara 0-0: Called Strike
0-1: Called Strike
0-2: Foul Ball, location: 2F
0-2: Strikes out looking
Batting: RHB Jakson Reetz 0-0: Fly out, F7 (Flyball, 7, EV 84.4 MPH)
Batting: LHB Bryson Stott 0-0: Ball
1-0: Foul Ball, location: 3F
1-1: Ball
2-1: Fly out, F9 (Line Drive, 89M, EV 104.4 MPH)
Top of the 3rd over - 0 runs, 0 hits, 0 errors, 0 left on base; St. Louis 1 - San Diego 1
BOTTOM OF THE 3RD
San Diego Padres batting - Pitching for St. Louis Cardinals : RHP Jake Woodford
Batting: RHB Anthony Rendon 0-0: Called Strike
0-1: Swinging Strike
0-2: Ball
1-2: Foul Ball, location: 2F
1-2: SINGLE (Groundball, 4D, EV 106.3 MPH)
Batting: LHB Matt Carpenter 0-0: Ball
1-0: Called Strike
1-1: Ball
2-1: Fly out, F9 (Flyball, 89D, EV 104.4 MPH)
Batting: LHB Darick Hall 0-0: Called Strike
0-1: Foul Ball, location: 3F
0-2: Ball
1-2: Ball
2-2: Foul Ball, location: 7LSF
2-2: Ball
3-2: Strikes out swinging
Batting: RHB Nico Hoerner 0-0: Called Strike
0-1: Ball
1-1: Ball
2-1: SINGLE (Groundball, 6MD, EV 105.6 MPH)
Anthony Rendon to second
Runner from 2nd tries for 3rd, SAFE, no throw by CF
Pinch Runner at 3rd Yonny Hernandez:
Batting: LHB Kolten Wong 0-0: Ground out 4-3 (Groundball, 4S, EV 81.3 MPH)
Bottom of the 3rd over - 0 runs, 2 hits, 0 errors, 2 left on base; St. Louis 1 - San Diego 1
TOP OF THE 4TH
St. Louis Cardinals batting - Pitching for San Diego Padres : RHP Freddy Peralta
Now at 3B: Yonny Hernandez
Batting: LHB TJ Friedl 0-0: Ball
1-0: Ball
2-0: Ball
3-0: Base on Balls
Batting: RHB Brandon Drury 0-0: Swinging Strike
0-1: Ball
1-1: Called Strike
1-2: Foul Ball, location: 2F
1-2: Strikes out swinging
Batting: RHB Jeremy Pena 0-0: SINGLE (Line Drive, 6MD, EV 95.0 MPH)
TJ Friedl to second
Runner from 2nd tries for 3rd, SAFE, throw by CF made to third
Batting: SHB Cole Tucker 0-0: Ball
Wild Pitch!
TJ Friedl scores
Jeremy Pena to second
1-0: Ground out 4-3 (Groundball, 4, EV 99.4 MPH)
Jeremy Pena to third
Batting: LHB Andrew Stevenson 0-0: Swinging Strike
0-1: Ball
1-1: Ball
2-1: Ball
3-1: Foul Ball, location: 7LDF
3-2: Foul Ball, location: 5F
3-2: Fly out, F7 (Flyball, 7, EV 85.6 MPH)
Top of the 4th over - 1 run, 1 hit, 0 errors, 1 left on base; St. Louis 2 - San Diego 1
BOTTOM OF THE 4TH
San Diego Padres batting - Pitching for St. Louis Cardinals : RHP Jake Woodford
Batting: RHB Stuart Fairchild 0-0: Ball
1-0: Ball
2-0: Foul Ball, location: 5F
2-1: Ball
3-1: Ground out 5-3 (Groundball, 56, EV 105.6 MPH)
Batting: RHB Harrison Bader 0-0: Bunt for hit to 25 - play at first, batter safe!
Batting: SHB Tyler Heineman 0-0: Ball
1-0: Ground out 4-3 (Groundball, 4S, EV 90.6 MPH)
Harrison Bader to second
Batting: LHB Luis Arraez 0-0: Ground out 4-3 (Groundball, 4, EV 104.4 MPH)
Bottom of the 4th over - 0 runs, 1 hit, 0 errors, 1 left on base; St. Louis 2 - San Diego 1
TOP OF THE 5TH
St. Louis Cardinals batting - Pitching for San Diego Padres : RHP Freddy Peralta
Batting: RHB Kevin Cron 0-0: Ball
1-0: Called Strike
1-1: Ball
2-1: Called Strike
2-2: Strikes out swinging
Batting: SHB Sergio Alcantara 0-0: Ball
1-0: Ball
2-0: Ball
3-0: Called Strike
3-1: Base on Balls
Batting: RHB Jakson Reetz 0-0: Ball
1-0: Foul Ball, location: 7LMF
1-1: Foul Ball, location: 3SF
1-2: Ball
2-2: Foul Ball, location: 3DF
2-2: Strikes out swinging
Batting: LHB Bryson Stott 0-0: Ball
1-0: Ball
2-0: Ball
3-0: Called Strike
3-1: Called Strike
3-2: Strikes out swinging
Top of the 5th over - 0 runs, 0 hits, 0 errors, 1 left on base; St. Louis 2 - San Diego 1
BOTTOM OF THE 5TH
San Diego Padres batting - Pitching for St. Louis Cardinals : RHP Jake Woodford
Batting: SHB Yonny Hernandez 0-0: Ball
1-0: Ball
2-0: Ball
3-0: Base on Balls
Batting: LHB Matt Carpenter 0-0: Foul Ball, location: 2F
0-1: Ball
1-1: Ball
2-1: Ball
3-1: SINGLE (Groundball, 4S, EV 70.6 MPH) (infield hit)
Yonny Hernandez to second
Batting: LHB Darick Hall 0-0: Called Strike
Yonny Hernandez steals 3rd base
0-1: Called Strike
0-2: Strikes out swinging
Batting: RHB Nico Hoerner 0-0: Foul Ball, location: 5DF
0-1: Swinging Strike
0-2: Ball
1-2: Foul Ball, location: 2F
1-2: Fly out, F9 (Line Drive, 9, EV 93.1 MPH)
Runner from 3rd tags up, SCORES, throw by RF
Batting: LHB Kolten Wong 0-0: Called Strike
0-1: Ball
1-1: Ball
2-1: Ball
3-1: Base on Balls
Matt Carpenter to second
Batting: RHB Stuart Fairchild 0-0: Called Strike
0-1: Ball
1-1: Ball
2-1: Fly out, F9 (Flyball, 89S, EV 91.9 MPH)
Bottom of the 5th over - 1 run, 1 hit, 0 errors, 2 left on base; St. Louis 2 - San Diego 2
TOP OF THE 6TH
St. Louis Cardinals batting - Pitching for San Diego Padres : RHP Freddy Peralta
Batting: LHB TJ Friedl 0-0: Ball
1-0: Ground out 5-3 (Groundball, 56S, EV 67.5 MPH)
Pitching: RHP Jeff Brigham
Batting: RHB Brandon Drury 0-0: Called Strike
0-1: Called Strike
0-2: Ball
1-2: Ball
2-2: Strikes out looking
Batting: RHB Jeremy Pena 0-0: Called Strike
0-1: Ball
1-1: Ball
2-1: Ground out 6-3 (Groundball, 6, EV 85.6 MPH)
Top of the 6th over - 0 runs, 0 hits, 0 errors, 0 left on base; St. Louis 2 - San Diego 2
BOTTOM OF THE 6TH
San Diego Padres batting - Pitching for St. Louis Cardinals : RHP Jake Woodford
Batting: RHB Harrison Bader 0-0: Called Strike
0-1: Foul Ball, location: 3SF
0-2: Ball
1-2: Fly out, F7 (Flyball, 78M, EV 88.8 MPH)
Batting: SHB Tyler Heineman 0-0: Ball
1-0: Ball
2-0: Ball
3-0: Base on Balls
Pitching: LHP Zac Lowther
Batting: LHB Luis Arraez 0-0: Called Strike
0-1: Ball
1-1: SINGLE (Line Drive, 8LS, EV 110.0 MPH)
Tyler Heineman to second
Batting: SHB Yonny Hernandez 0-0: Ball
1-0: Ball
2-0: Ball
3-0: Called Strike
3-1: Foul Ball, location: 9LDF
3-2: Base on Balls
Tyler Heineman to third
Luis Arraez to second
Batting: LHB Matt Carpenter 0-0: Ball
1-0: Foul Ball, location: 7LSF
1-1: Ball
2-1: Ball
3-1: Fly out, F9 (Flyball, 9LSF, EV 88.1 MPH)
Batting: LHB Darick Hall 0-0: Ball
1-0: Swinging Strike
1-1: Ball
2-1: Swinging Strike
2-2: Strikes out looking
Bottom of the 6th over - 0 runs, 1 hit, 0 errors, 3 left on base; St. Louis 2 - San Diego 2
TOP OF THE 7TH
St. Louis Cardinals batting - Pitching for San Diego Padres : RHP Jeff Brigham
Batting: SHB Cole Tucker 0-0: Ball
1-0: Called Strike
1-1: DOUBLE (Line Drive, 9LD, EV 106.3 MPH)
Pitching: LHP Matt Strahm
Pinch Hitting: SHB Jurickson Profar 0-0: Called Strike
0-1: Foul Ball, location: 9LMF
0-2: Strikes out looking
Batting: RHB Kevin Cron 0-0: Ball
1-0: Ball
2-0: Swinging Strike
2-1: Ball
3-1: Swinging Strike
3-2: Strikes out swinging
Batting: SHB Sergio Alcantara 0-0: Foul Ball, location: 9LDF
0-1: Foul Ball, location: 3F
0-2: Ball
1-2: Ball
2-2: Ground out 1-3 (Groundball, 23, EV 63.1 MPH)
Top of the 7th over - 0 runs, 1 hit, 0 errors, 1 left on base; St. Louis 2 - San Diego 2
BOTTOM OF THE 7TH
San Diego Padres batting - Pitching for St. Louis Cardinals : LHP Zac Lowther
Pitching: RHP Taylor Williams
Now in LF: Jurickson Profar
Batting: RHB Nico Hoerner 0-0: Called Strike
0-1: Ball
1-1: Foul Ball, location: 2F
1-2: Foul Ball, location: 9LMF
1-2: Ball
2-2: Ground out 4-3 (Groundball, 34, EV 80.6 MPH)
Batting: LHB Kolten Wong 0-0: Ball
1-0: Ball
2-0: Ground out 5-3 (Groundball, 56, EV 85.6 MPH)
Batting: RHB Stuart Fairchild 0-0: Called Strike
0-1: Ball
1-1: Foul Ball, location: 7LSF
1-2: Hit by Pitch
Pitching: RHP Jordan Weems
Batting: RHB Harrison Bader 0-0: Ball
1-0: Ball
2-0: Called Strike
2-1: SINGLE (Groundball, 6MD, EV 101.9 MPH)
Stuart Fairchild to second
Runner from 2nd tries for 3rd, SAFE, no throw by CF
Batting: SHB Tyler Heineman 0-0: Ground out 6-3 (Groundball, 6S, EV 90.6 MPH)
Bottom of the 7th over - 0 runs, 1 hit, 0 errors, 2 left on base; St. Louis 2 - San Diego 2
TOP OF THE 8TH
St. Louis Cardinals batting - Pitching for San Diego Padres : LHP Matt Strahm
Pitching: RHP Pete Fairbanks
Batting: RHB Jakson Reetz 0-0: SINGLE (Line Drive, 8RS, EV 98.8 MPH)
Batting: LHB Bryson Stott 0-0: Ground out 4-3 (Groundball, 34, EV 88.8 MPH)
Jakson Reetz to second
Batting: LHB TJ Friedl 0-0: Intentional Walk
Batting: RHB Brandon Drury 0-0: Ball
1-0: Grounds into double play, 1-6-3 (Groundball, 34S, EV 63.1 MPH)
Top of the 8th over - 0 runs, 1 hit, 0 errors, 1 left on base; St. Louis 2 - San Diego 2
BOTTOM OF THE 8TH
San Diego Padres batting - Pitching for St. Louis Cardinals : RHP Jordan Weems
Pitching: RHP Jose Cisnero
Batting: LHB Luis Arraez 0-0: Ball
1-0: SINGLE (Groundball, 34D, EV 111.3 MPH)
Batting: SHB Yonny Hernandez 0-0: Bunt missed!
0-1: Bunted foul
0-2: Ball
1-2: Strikes out looking
Batting: LHB Matt Carpenter 0-0: Ball
1-0: Foul Ball, location: 2F
1-1: Foul Ball, location: 7LSF
1-2: Ball
2-2: SINGLE (Groundball, 4S, EV 66.9 MPH) (infield hit)
Luis Arraez to second
Batting: LHB Darick Hall 0-0: Called Strike
0-1: Swinging Strike
0-2: Ball
1-2: Strikes out swinging
Pitching: LHP Daniel Norris
Batting: RHB Nico Hoerner 0-0: Called Strike
0-1: DOUBLE (Line Drive, 3D, EV 95.0 MPH)
Luis Arraez scores
Matt Carpenter to third
Runner from 3rd tries for Home, SAFE, no throw by RF
Batting: LHB Kolten Wong 0-0: Called Strike
0-1: Called Strike
0-2: Fly out, F7 (Flyball, 78S, EV 90.6 MPH)
Bottom of the 8th over - 2 runs, 3 hits, 0 errors, 1 left on base; St. Louis 2 - San Diego 4
TOP OF THE 9TH
St. Louis Cardinals batting - Pitching for San Diego Padres : RHP Pete Fairbanks
Pitching: RHP Reynaldo Lopez
Now in LF: Stuart Fairchild
Now in RF: Luis Barrera
Batting: RHB Jeremy Pena 0-0: Foul Ball, location: 7LSF
0-1: Ball
1-1: Called Strike
1-2: Strikes out looking
Batting: SHB Cole Tucker 0-0: Swinging Strike
0-1: Swinging Strike
0-2: Strikes out swinging
Batting: SHB Jurickson Profar 0-0: Ball
1-0: Foul Ball, location: 3F
1-1: Foul Ball, location: 7LSF
1-2: SINGLE (Line Drive, 78S, EV 107.5 MPH)
Batting: RHB Kevin Cron 0-0: Fly out, F3 (Popup, 3S, EV 86.3 MPH)
Top of the 9th over - 0 runs, 1 hit, 0 errors, 1 left on base; St. Louis 2 - San Diego 4
Monday, September 25th , 2023 - OOTP Baseball 24.9 Build 80